 Dungeon Crawl Stone Soup version 0.26.1-2-gb8aa6d0cf2 (webtiles) character file.

Game seed: 14753650796879296320

115065 Gadfly the Swashbuckler (level 17, 0/118 HPs)
             Began as a Halfling Fighter on Feb 15, 2021.
             Was the Champion of Okawaru.
             Drowned by a water nymph (7 damage)
             ... on level 3 of the Shoals.
             The game lasted 01:05:23 (35840 turns).

Gadfly the Swashbuckler (Halfling Fighter)         Turns: 35840, Time: 01:05:25

Health: 0/118      AC: 31    Str: 36    XL:     17   Next: 22%
Magic:  11/16      EV: 16    Int: 10    God:    Okawaru [******]
Gold:   1638       SH: 17    Dex: 22    Spells: 13/16 levels left

rFire    . . .     SeeInvis .   a - +11 rapier "Suadd" {protect, rElec Str+4 Dex+2}
rCold    . . .     Faith    .   R - +2 buckler {AC+3}
rNeg     . . .     Spirit   .   N - +5 chain mail "Faigenatuo" {Dex+4}
rPois    .         Reflect  +   k - +0 helmet
rElec    +         Harm     .   r - +0 cloak
rCorr    .         Rampage  .   B - +0 pair of gloves
Will     ++...                  Y - +2 pair of boots
Stlth    ..........             c - amulet of Anagut {Reflect *Drain MP-9 Str+4 Int+4 SH+5}
HPRegen  0.29/turn              T - ring of willpower
MPRegen  0.15/turn              A - +6 ring of strength

@: about to teleport, heroism, finesse, mesmerised, studying Slings, very slow
A: small, blink, mutation resistance 1
a: Blink, Renounce Religion, Heroism, Finesse


You were on level 3 of the Shoals.
You worshipped Okawaru.
Okawaru was exalted by your worship.
You visited 5 branches of the dungeon, and saw 27 of its levels.

You collected 2660 gold pieces.
You spent 1022 gold pieces at shops.

Inventory:

Hand Weapons
 a - the +11 rapier "Suadd" (weapon) {protect, rElec Str+4 Dex+2}
   (Okawaru gifted it to you on level 2 of the Lair of Beasts)

   It grants its wielder temporary protection when it strikes (+7 to AC).
   It affects your strength (+4).
   It affects your dexterity (+2).
   It insulates you from electricity.
 b - a +0 vorpal fustibalus
Missiles
 F - 296 sling bullets
Armour
 k - a +0 helmet (worn)
 r - a +0 cloak (worn)
 v - the +1 chain mail "Falonuc" {+Inv rF++ rC+ Will-}
   (You bought it in a shop on level 5 of the Dungeon)

   It greatly protects you from fire.
   It protects you from cold.
   It affects your willpower, your defense against some magical effects.
   It lets you turn invisible.
 B - a +0 pair of gloves (worn)
 N - the +5 chain mail "Faigenatuo" (worn) {Dex+4}
   (Okawaru gifted it to you on level 3 of the Lair of Beasts)

   It affects your dexterity (+4).
 R - a +2 buckler of protection (worn)
 Y - a +2 pair of boots (worn)
Jewellery
 c - the amulet of Anagut (around neck) {Reflect *Drain MP-9 Str+4 Int+4 SH+5}
   (You found it on level 1 of the Orcish Mines)

   [amulet of reflection]

   It shields you and reflects attacks.
   It affects your strength (+4).
   It affects your intelligence (+4).
   It affects your magic capacity (-9).
   It causes draining when unequipped.
   It affects your SH (+5).
 l - an uncursed ring of protection from cold
 A - a +6 ring of strength (right hand)
 E - an uncursed ring of fire
 I - an uncursed ring of protection from cold
 J - an uncursed ring of positive energy
 T - a ring of willpower (left hand)
Wands
 p - a wand of enslavement (10)
 q - a wand of acid (7)
 u - a wand of disintegration (43)
 w - a wand of polymorph (9)
 z - a wand of iceblast (15)
 H - a wand of random effects (28) (quivered)
 K - a wand of paralysis (28)
 O - a wand of flame (13)
 P - a wand of digging (5)
Scrolls
 h - 5 scrolls of enchant weapon
 i - 8 scrolls of enchant armour
 j - 14 scrolls of remove curse
 n - 8 scrolls of magic mapping
 y - a scroll of blinking
 G - 5 scrolls of identify
 L - a scroll of fog
Potions
 d - 6 potions of might
 e - 3 potions of resistance
 g - 2 potions of flight
 m - 7 potions of curing
 o - 5 potions of haste
 C - 3 potions of cancellation
 D - 2 potions of mutation
 U - a potion of berserk rage
Books
 t - a manual of Slings
Miscellaneous
 s - a tin of tremorstones (2/2)
 V - a box of beasts
 W - a phial of floods


   Skills:
 * Level 11.6(16.6) Fighting
 - Level 15.6(20.6) Short Blades
 + Level 14.8(19.8) Slings
 + Level 11.6(16.6) Armour
 + Level 11.5(16.5) Shields
 + Level 11.7 Invocations
 * Level 11.5 Evocations


You had 13 spell levels left.
You knew the following spells:

 Your Spells              Type           Power        Failure   Level
a - Conjure Flame         Conj/Fire      0%           96%         3

Your spell library contained the following spells:

 Spells                   Type           Power        Failure   Level
 Animate Skeleton         Necr           0%           67%         1
 Apportation              Tloc           0%           67%         1
 Beastly Appendage        Tmut           0%           67%         1
 Corona                   Hex            0%           67%         1
 Foxfire                  Conj/Fire      0%           67%         1
 Magic Dart               Conj           0%           67%         1
 Sandblast                Erth           0%           67%         1
 Summon Small Mammal      Summ           0%           67%         1
 Ensorcelled Hibernation  Hex/Ice        0%           82%         2
 Passwall                 Tmut/Erth      0%           82%         2
 Searing Ray              Conj           0%           82%         2
 Wereblood                Tmut           0%           82%         2
 Confusing Touch          Hex            0%           96%         3
 Dazzling Flash           Conj/Hex       0%           96%         3
 Gell's Gravitas          Tloc           0%           96%         3
 Inner Flame              Hex/Fire       0%           96%         3
 Lesser Beckoning         Tloc           0%           96%         3
 Portal Projectile        Hex/Tloc       0%           96%         3
 Spider Form              Tmut/Pois      0%           96%         3
 Stone Arrow              Conj/Erth      0%           96%         3
 Tukima's Dance           Hex            0%           96%         3
 Fulminant Prism          Conj/Hex       0%           100%        4
 Hailstorm                Conj/Ice       0%           100%        4
 Ice Form                 Ice/Tmut       0%           100%        4
 Iskenderun's Mystic Bla  Conj/Tloc      0%           100%        4
 Petrify                  Tmut/Erth      0%           100%        4
 Sticky Flame             Conj/Fire      0%           100%        4
 Alistair's Intoxication  Tmut/Pois      0%           100%        5
 Blade Hands              Tmut           0%           100%        5
 Fireball                 Conj/Fire      0%           100%        5
 Lee's Rapid Deconstruct  Erth           0%           100%        5
 Metabolic Englaciation   Hex/Ice        0%           100%        5
 Yara's Violent Unravell  Hex/Tmut       0%           100%        5
 Invisibility             Hex            0%           100%        6
 Disjunction              Tloc           0%           100%        8


Dungeon Overview and Level Annotations

Branches:
Dungeon (15/15)            Temple (1/1) D:5            Lair (6/6) D:10
 Shoals (3/4) Lair:2       Spider (0/4) Lair:4        Slime (0/5) Lair:6
    Orc (2/2) D:10            Elf (0/3) Orc:2        Vaults (0/5) D:13
 Depths (0/5) D:15

Altars:
Ashenzari
Cheibriados
Dithmenos
Elyvilon
Fedhas
Gozag
Hepliaklqana
Kikubaaqudgha
Makhleb
Nemelex Xobeh
Okawaru
Qazlal
Ru
Sif Muna
Trog
Uskayaw
Vehumet
Wu Jian
Xom
Yredelemnul
Zin
The Shining One
Beogh

Shops:
D:5 [   D:6 *   D:8 *[((}   D:10 (   Orc:1 (   Orc:2 *:([   Shoals:2 (

Annotations:
D:15 Azrael


Innate Abilities, Weirdness & Mutations

You are small and have problems with some larger weapons.
You are somewhat resistant to further mutation.
You can translocate small distances at will.


Message History

* * * LOW HITPOINT WARNING * * *
The merfolk hits you from afar with a +0 trident!
* * * LOW HITPOINT WARNING * * *
You block the merfolk impaler's attack.
You block the merfolk javelineer's attack.
Blink to where?
Press: ? - help, Dir - move target You cannot blink away from the merfolk siren!
Blink to where?
Press: ? - help, Dir - move target, f - you
Okay, then.
Okay, then.
You feel better.
The merfolk hits you from afar with a +0 trident!
* * * LOW HITPOINT WARNING * * *
The merfolk impaler hits you from afar with a +0 trident.
* * * LOW HITPOINT WARNING * * *
The merfolk siren chants its luring song.
The water nymph touches you. The water nymph drowns you!
You die...

#........).....(≈≈≈≈.
##............≈≈≈≈≈≈.
#............^≈≈≈≈≈..
#≈...≈≈.(...≈≈≈(≈≈≈..
#≈≈≈≈≈≈≈≈≈≈≈≈≈≈≈≈≈≈≈.
##≈≈≈≈≈≈≈≈≈≈≈≈≈≈≈≈≈≈≈.
≈#####.≈≈≈≈≈≈≈m≈m≈≈≈≈≈P≈≈≈.
≈≈≈≈≈≈.≈≈≈≈≈((≈≈mm≈≈≈≈≈≈.P.
.≈≈≈≈≈≈≈≈≈≈≈)≈@mmm≈≈P≈≈P.P≈
.≈≈≈≈≈.≈≈≈≈≈<.≈≈m≈≈≈≈≈≈≈≈≈≈
≈≈≈≈.≈≈≈≈≈≈≈≈≈≈).≈≈≈≈≈≈≈≈.#
.≈≈≈≈≈≈≈≈≈≈(≈≈≈.....≈≈PP.##
.≈≈≈≈.≈≈≈≈≈≈.#######..≈....
.≈≈≈≈≈≈≈≈.≈≈(.#### ##..≈≈≈
.≈≈≈≈≈≈.###.)....### #.≈
≈≈≈≈≈≈...##........#
.≈≈≈≈.......>>.....#


You could see a merfolk impaler, a merfolk javelineer, 4 merfolk, a merfolk
siren (mesmerising) and a water nymph.

Vanquished Creatures
  Kirke (D:12)
  Ilsuiw (Shoals:2)
  An orc warlord (Orc:2)
  Louise (D:14)
  The ghost of Fafes the Destroyer, a journeyman DrFE of Ashenzari (Lair:6)
  The ghost of Hehehe the Cleaver, a journeyman DDFi of Makhleb (Orc:1)
  A bunyip (Lair:3)
  A merfolk javelineer (Shoals:2)
  A fire dragon (D:15)
  A merfolk impaler (Shoals:1)
  An ettin (D:15)
  An ice dragon (D:13)
  A vault guard (D:13)
  3 hydras
  A merfolk avatar (Shoals:3)
  A catoblepas (Lair:6)
  An ogre mage (D:15)
  5 two-headed ogres
  A tengu warrior (D:14)
  4 centaur warriors
  2 merfolk aquamancers
  2 alligators
  A two-headed ogre (shapeshifter) (D:15)
  A queen ant (Lair:3)
  7 death yaks
  Urug (Orc:2)
  An orc high priest (Orc:2)
  Sonja (D:11)
  A shadow wraith (D:13)
  A spectral death yak (Lair:6)
  2 unseen horrors
  2 sea snakes
  A swamp dragon (Lair:2)
  The ghost of ubername the Slinger, a novice HaHu (D:6)
  A deep elf archer (D:15)
  2 orc knights (Orc:2)
  A deep elf mage (D:13)
  A wolf spider zombie (D:15)
  17 harpies
  4 cyclopes
  8 orc sorcerers (Orc:2)
  6 fauns (Shoals:2)
  5 manticores
  11 elephants
  10 merfolk sirens
  4 molten gargoyles (D:11)
  3 water nymphs (Shoals:2)
  4 gargoyles
  3 centaur skeletons
  Maggie (D:6)
  15 cane toads
  2 rime drakes
  4 komodo dragons
  4 yaktaurs (D:15)
  16 merfolk
  5 trolls
  7 polar bears
  Grinder (D:6)
  A wind drake (Shoals:2)
  14 blink frogs
  7 hornets
  8 dream sheep
  2 slime creatures (D:14)
  5 snapping turtles
  A spectral black mamba (Lair:6)
  A shadow (D:15)
  3 redbacks (Lair:4)
  14 spriggans (Lair:6)
  3 wraiths
  10 water elementals
  Eustachio (D:6)
  17 yaks
  A wyvern (D:11)
  A spectral fire crab (Lair:6)
  6 basilisks
  A hog (D:12)
  2 steam dragons
  A spectral komodo dragon (Lair:6)
  5 vampire mosquitoes
  2 fire elementals (D:14)
  21 soldier ants
  3 wargs (Orc:2)
  A hydra simulacrum (Lair:6)
  An acid dragon (D:9)
  9 water moccasins
  2 sky beasts
  2 ice beasts
  26 orc warriors
  A swamp drake (Lair:2)
  6 black bears
  2 necrophages
  7 boggarts
  11 ogres
  A phantom (D:10)
  25 wolves
  An eye of draining (D:11)
  16 centaurs
  A big kobold (D:11)
  20 bullfrogs
  2 wyvern zombies
  6 scorpions
  3 wyvern skeletons
  3 killer bees (D:8)
  A howler monkey (D:7)
  9 wights
  An electric eel (D:12)
  4 centaur zombies
  8 hounds
  A bullfrog zombie (D:13)
  6 jellies
  A quasit (D:13)
  2 komodo dragon simulacra (Lair:6)
  16 orc priests
  9 iguanas
  36 orc wizards
  24 worker ants
  2 hound skeletons
  2 worker ant zombies
  4 gnolls (Orc:2)
  A howler monkey skeleton (D:6)
  17 adders
  A white imp (D:9)
  2 ufetubi
  2 oozes
  An adder skeleton (D:4)
  A worm (D:2)
  2 dart slugs
  6 leopard geckos
  121 orcs
  4 giant cockroaches
  10 goblins
  13 hobgoblins
  10 jackals
  10 kobolds
  4 quokkas
  8 bats
  9 frilled lizards
  A leopard gecko skeleton (D:8)
  A leopard gecko zombie (D:6)
  9 rats
823 creatures vanquished.

Vanquished Creatures (others)
  A cyclops (D:14)
  An orc (Orc:2)
  25 fungi
  124 plants
151 creatures vanquished.

Grand Total: 974 creatures vanquished

Notes
Turn   | Place    | Note
-------+----------+-------------------------------------------
     0 | D:1      | Gadfly the Halfling Fighter began the quest for the Orb.
     0 | D:1      | Reached XP level 1. HP: 15/15 MP: 1/1
   206 | D:1      | Reached XP level 2. HP: 20/20 MP: 2/2
   505 | D:1      | Reached XP level 3. HP: 25/25 MP: 3/3
   507 | D:1      | Reached skill level 1 in Invocations
   534 | D:1      | Reached skill level 1 in Evocations
   848 | D:2      | Reached skill level 3 in Short Blades
   848 | D:2      | Reached skill level 1 in Slings
   911 | D:2      | Found a shadowy altar of Dithmenos.
  1049 | D:2      | Reached XP level 4. HP: 26/30 MP: 4/4
  1699 | D:2      | Found a blossoming altar of Fedhas.
  1888 | D:2      | Found a stormy altar of Qazlal.
  2062 | D:2      | Reached XP level 5. HP: 36/36 MP: 6/6
  2535 | D:3      | Found a bloodstained altar of Trog.
  2627 | D:3      | Noticed an ogre
  2638 | D:3      | Killed an ogre
  2639 | D:3      | Reached XP level 6. HP: 36/42 MP: 7/7
  2756 | D:3      | Reached skill level 4 in Short Blades
  3456 | D:4      | Reached XP level 7. HP: 19/46 MP: 7/9
  4153 | D:4      | Found a snail-covered altar of Cheibriados.
  4227 | D:4      | Found a shimmering blue altar of Sif Muna.
  4333 | D:4      | Gained mutation: You are dopey. (Int -2) [potion of
                  | mutation]
  4334 | D:4      | Lost mutation: You are dopey. (Int -2) [potion of mutation]
  4334 | D:4      | Gained mutation: You have a pair of small antennae on your
                  | head. [potion of mutation]
  4335 | D:4      | Lost mutation: You have a pair of small antennae on your
                  | head. [potion of mutation]
  4335 | D:4      | Gained mutation: Your natural rate of healing is unusually
                  | fast. [potion of mutation]
  4600 | D:5      | Entered Level 5 of the Dungeon
  4601 | D:5      | Found a sparkling altar of Nemelex Xobeh.
  4682 | D:5      | Reached skill level 5 in Short Blades
  4682 | D:5      | Reached XP level 8. HP: 29/53 MP: 10/10
  4857 | D:5      | Found a staircase to the Ecumenical Temple.
  4882 | Temple   | Entered the Ecumenical Temple
  4989 | Temple   | Became a worshipper of Warmaster Okawaru
  5830 | D:5      | Found Ahyfuig's Antique Armour Emporium.
  5834 | D:5      | Bought a faintly humming chain mail for 237 gold pieces
  5844 | D:5      | Identified the +1 chain mail "Falonuc" {+Inv rF++ rC+
                  | Will-} (You bought it in a shop on level 5 of the Dungeon)
  6125 | D:6      | Found Cotto's General Store.
  6133 | D:6      | Bought a scroll of random uselessness for 10 gold pieces
  6290 | D:6      | Noticed Maggie
  6336 | D:6      | Killed Maggie
  6336 | D:6      | Reached * piety under Okawaru
  6337 | D:6      | Reached skill level 6 in Short Blades
  6337 | D:6      | Reached XP level 9. HP: 18/58 MP: 12/12
  6446 | D:6      | Found a runed translucent door.
  6460 | D:6      | Reached skill level 5 in Invocations
  6464 | D:6      | Noticed ubername's ghost (novice HaHu)
  6577 | D:6      | Noticed Grinder
  6584 | D:6      | Paralysed by Grinder for 3 turns
  6597 | D:6      | Killed Grinder
  6598 | D:6      | Reached skill level 5 in Armour
  6598 | D:6      | Reached skill level 5 in Shields
  6598 | D:6      | Reached skill level 5 in Evocations
  6834 | D:6      | Found a sacrificial altar of Ru.
  6934 | D:6      | Noticed Eustachio
  6950 | D:6      | Killed Eustachio
  6951 | D:6      | Reached skill level 5 in Slings
  7447 | D:7      | Reached ** piety under Okawaru
  7448 | D:7      | Reached skill level 7 in Short Blades
  8044 | D:7      | Found an ornate altar of the Wu Jian Council.
  8491 | D:8      | Found Haissas's Weapon Shop.
  8580 | D:8      | Found a shadowy altar of Dithmenos.
  8583 | D:8      | Found an opulent altar of Gozag.
  8601 | D:8      | Found Cuerooxt's Weapon Shoppe.
  8604 | D:8      | Identified the +9 hand axe "Migo Irch" {freeze, Int+7}
  8620 | D:8      | Reached XP level 10. HP: 63/65 MP: 14/14
  8764 | D:8      | Reached skill level 5 in Fighting
  8783 | D:8      | Found Kischaer's Gadget Shop.
  8784 | D:8      | Reached *** piety under Okawaru
  8827 | D:8      | Found an iron altar of Okawaru.
  9006 | D:8      | Found Inong's Antique Armour Emporium.
  9119 | D:8      | Found Heol's General Store.
  9178 | D:9      | Reached skill level 8 in Short Blades
  9349 | D:8      | Got a smoking war axe
  9352 | D:8      | Identified the +10 war axe "Mefestri" {pain, *Rage Str+6
                  | Stlth+} (You found it on level 8 of the Dungeon)
  9526 | D:9      | Noticed a cyclops
  9558 | D:9      | Killed a cyclops
  9680 | D:9      | Reached **** piety under Okawaru
 10059 | D:9      | Paralysed by a hornet for 2 turns
 10348 | D:10     | Entered Level 10 of the Dungeon
 10364 | D:10     | Noticed a death yak
 10369 | D:10     | Noticed a death yak
 10560 | D:9      | Killed a death yak
 10560 | D:9      | Received a gift from Okawaru
 10560 | D:9      | Received a gift from Okawaru
 10692 | D:10     | Reached skill level 9 in Short Blades
 10711 | D:10     | Reached XP level 11. HP: 72/72 MP: 14/16
 10731 | D:10     | Found Ceqionk's Weapon Emporium.
 10763 | D:9      | Killed a death yak
 10763 | D:9      | Received a gift from Okawaru
 10772 | D:10     | Noticed a death yak
 10789 | D:9      | Reached ***** piety under Okawaru
 10873 | D:10     | Killed a death yak
 11009 | D:10     | Found a staircase to the Lair.
 11116 | D:9      | Killed an unseen horror
 11116 | D:9      | Received a gift from Okawaru
 11228 | D:10     | Received a gift from Okawaru
 11363 | D:10     | Found a roughly hewn altar of Beogh.
 11363 | D:10     | Found a staircase to the Orcish Mines.
 11809 | D:10     | Reached skill level 10 in Short Blades
 12358 | Lair:1   | Entered Level 1 of the Lair of Beasts
 12370 | Lair:1   | Received a gift from Okawaru
 13151 | Lair:1   | Received a gift from Okawaru
 13376 | Lair:1   | Reached XP level 12. HP: 8/81 MP: 17/17
 13901 | Lair:2   | Received a gift from Okawaru
 14185 | Lair:2   | Received a gift from Okawaru
 14186 | Lair:2   | Got a buzzing rapier {god gift}
 14187 | Lair:2   | Identified the +11 rapier "Suadd" {protect, rElec Str+4
                  | Dex+2} (Okawaru gifted it to you on level 2 of the Lair of
                  | Beasts)
 14311 | Lair:2   | Found a staircase to the Shoals.
 14331 | Lair:2   | Reached skill level 11 in Short Blades
 14648 | D:5      | Bought a shiny buckler for 187 gold pieces
 14816 | Lair:2   | Noticed a swamp dragon
 14831 | Lair:2   | Killed a swamp dragon
 14840 | Lair:2   | Reached ****** piety under Okawaru
 15001 | Lair:2   | Noticed a four-headed hydra
 15004 | Lair:2   | Noticed an alligator
 15004 | Lair:2   | a four-headed hydra changed into an alligator
 15013 | Lair:2   | Killed an alligator
 15356 | Lair:3   | Received a gift from Okawaru
 15357 | Lair:3   | Got a fine chain mail {god gift}
 15368 | Lair:3   | Identified the +5 chain mail "Faigenatuo" {Dex+4} (Okawaru
                  | gifted it to you on level 3 of the Lair of Beasts)
 15410 | Lair:3   | Noticed a four-headed hydra
 15415 | Lair:3   | Noticed a bunyip
 15415 | Lair:3   | a four-headed hydra changed into a bunyip
 15424 | Lair:3   | Killed a bunyip
 15537 | Lair:3   | Reached XP level 13. HP: 86/89 MP: 19/19
 15612 | Lair:3   | Paralysed by a hornet for 3 turns
 15715 | Lair:3   | Reached skill level 12 in Short Blades
 15810 | Lair:3   | Reached skill level 10 in Slings
 16476 | Lair:4   | Received a gift from Okawaru
 16725 | Lair:4   | Found a hole to the Spider Nest.
 17051 | Lair:5   | Identified a scroll of acquirement
 17051 | Lair:5   | Acquired a +2 hunting sling of freezing
 17599 | Lair:6   | Entered Level 6 of the Lair of Beasts
 17787 | Lair:6   | Found a runed translucent gate.
 17787 | Lair:6   | Found a runed translucent gate.
 17788 | Lair:6   | Found a runed translucent gate.
 17799 | Lair:6   | Noticed Fafes's ghost (journeyman DrFE)
 17976 | Lair:6   | Found a staircase to the Slime Pits.
 18020 | Lair:6   | Noticed a catoblepas
 18045 | Lair:6   | Killed a catoblepas
 18204 | Lair:6   | Reached XP level 14. HP: 90/97 MP: 20/20
 18212 | Lair:6   | Received a gift from Okawaru
 18213 | Lair:6   | Reached skill level 13 in Short Blades
 18470 | Lair:6   | Paralysed by a hornet for 2 turns
 20325 | D:6      | Killed ubername's ghost
 20325 | D:6      | Received a gift from Okawaru
 20326 | D:6      | Reached skill level 10 in Invocations
 20481 | Orc:1    | Entered Level 1 of the Orcish Mines
 20653 | Orc:1    | Found Xurolacw's Weapon Shop.
 20689 | Orc:1    | Found a roughly hewn altar of Beogh.
 20944 | Orc:1    | Found a runed translucent door.
 21064 | Orc:1    | Noticed Hehehe's ghost (journeyman DDFi)
 21155 | Orc:1    | Killed Hehehe's ghost
 21156 | Orc:1    | Reached skill level 14 in Short Blades
 21164 | Orc:1    | Got a crude tin amulet
 21165 | Orc:1    | Identified the amulet of Anagut {Reflect *Drain MP-9 Str+4
                  | Int+4 SH+5} (You found it on level 1 of the Orcish Mines)
 21207 | Orc:2    | Entered Level 2 of the Orcish Mines
 21261 | Orc:2    | Paralysed by an orc sorcerer for 3 turns
 21498 | Orc:2    | Reached skill level 10 in Armour
 21606 | Orc:2    | Found a staircase to the Elven Halls.
 21607 | Orc:2    | Noticed an orc warlord
 21670 | Orc:2    | Reached skill level 10 in Shields
 21730 | Orc:2    | Reached XP level 15. HP: 93/103 MP: 13/22
 22192 | Orc:2    | Killed an orc warlord
 22192 | Orc:2    | Received a gift from Okawaru
 22250 | Orc:2    | Noticed Urug
 22299 | Orc:2    | Reached skill level 10 in Fighting
 22306 | Orc:2    | Killed Urug
 22343 | Orc:2    | Found a roughly hewn altar of Beogh.
 22367 | Orc:2    | Found Pint's General Store.
 22370 | Orc:2    | Received a gift from Okawaru
 22394 | Orc:2    | Found Fauth's Antique Weapon Boutique.
 22419 | Orc:2    | Found Telecaw's Book Boutique.
 22439 | Orc:2    | Bought a scroll of brand weapon for 280 gold pieces
 22439 | Orc:2    | Bought a potion of attraction for 42 gold pieces
 22727 | Orc:2    | Found Cyiroiru's Antique Armour Boutique.
 22791 | Orc:2    | Bought a pitted helmet for 266 gold pieces
 22801 | Orc:2    | Identified the +2 helmet of Joelutij {Harm rElec Str+2
                  | Slay-5} (You bought it in a shop on level 2 of the Orcish
                  | Mines)
 22962 | D:11     | Received a gift from Okawaru
 23629 | D:11     | Noticed Sonja
 23635 | D:11     | Killed Sonja
 24061 | D:12     | Noticed Kirke
 24078 | D:12     | Killed Kirke
 24360 | D:12     | Identified the +0 flail "Ulo Lein" {vorpal, Dex+3 Stlth+}
 24540 | D:12     | Lost mutation: Your natural rate of healing is unusually
                  | fast. [potion of mutation]
 24540 | D:12     | Gained mutation: You are partially covered in iridescent
                  | scales. (AC +2) [potion of mutation]
 24541 | D:12     | Lost mutation: You are partially covered in iridescent
                  | scales. (AC +2) [potion of mutation]
 24542 | D:12     | Gained mutation: You are robust. (+10% HP) [potion of
                  | mutation]
 24873 | D:13     | Found a sparkling altar of Nemelex Xobeh.
 24894 | D:13     | Reached skill level 15 in Short Blades
 25107 | D:13     | Found a shimmering altar of Xom.
 25273 | D:13     | Reached skill level 10 in Evocations
 25623 | D:13     | Found a gate to the Vaults.
 26613 | D:14     | Noticed Louise
 26670 | D:14     | Killed Louise
 26670 | D:14     | Received a gift from Okawaru
 27046 | D:14     | Received a gift from Okawaru
 27094 | D:14     | Reached XP level 16. HP: 100/121 MP: 15/24
 27182 | D:14     | Identified the Incunabulum of Orientation and the Frostbite
 27271 | D:14     | Learned a level 3 spell: Conjure Flame
 27275 | D:15     | Entered Level 15 of the Dungeon
 27275 | D:15     | Noticed Azrael
 28043 | D:15     | Found a stormy altar of Qazlal.
 28048 | D:15     | Acquired a manual of Slings
 28091 | D:15     | Received a gift from Okawaru
 28308 | D:15     | Received a gift from Okawaru
 28349 | D:15     | Found a staircase to the Depths.
 28386 | D:15     | Received a gift from Okawaru
 29185 | D:15     | HP: 6/122 [hell hound/blast of flame[Azrael] (16)]
 30091 | Lair:6   | Killed Fafes's ghost
 30103 | Lair:6   | Received a gift from Okawaru
 30489 | Lair:6   | Got a transparent hunting sling {god gift}
 30490 | Lair:6   | Identified the +4 hunting sling of the Owl {venom, +Inv
                  | Will+ Str+2} (Okawaru gifted it to you on level 6 of the
                  | Lair of Beasts)
 30616 | Shoals:1 | Entered Level 1 of the Shoals
 31828 | Shoals:2 | Received a gift from Okawaru
 31829 | Shoals:2 | Got a crystal hunting sling {god gift}
 32121 | Shoals:1 | Identified the +0 hunting sling "Yrruefe" {vorpal, rElec
                  | Stlth+} (Okawaru gifted it to you on level 2 of the Shoals)
 32582 | Shoals:2 | Noticed Ilsuiw
 32670 | Shoals:2 | HP: 5/123 [merfolk/+0 trident (15)]
 33677 | Shoals:2 | Killed Ilsuiw
 33678 | Shoals:2 | Reached XP level 17. HP: 78/128 MP: 16/25
 33873 | Shoals:2 | Found Sadu's Weapon Emporium.
 34176 | Shoals:2 | Lost mutation: You are robust. (+10% HP) [potion of
                  | mutation]
 34177 | Shoals:2 | Gained mutation: You can translocate small distances at
                  | will. [potion of mutation]
 34572 | Shoals:2 | Received a gift from Okawaru
 35840 | Shoals:3 | Drowned by a water nymph

Illustrated notes

Levels and vault maps discovered:
D:1:      wander_arrival_fairy_ring, layout_basic
D:2:      layout_loops_corners, grunt_temple_overflow_forces_of_nature,
          minmay_misc_feat_cross, nicolae_dithmenos_shadow_blocks
D:3:      layout_rooms, general_overflow_altar, kennysheep_generic_room_13
D:4:      layout_rooms, lemuel_blue_sif_altar, overflow_temple_1_default,
          minmay_cut_off
D:5:      layout_loops_ring, nemelex_xobeh_ov_fountains_minmay,
          minmay_temple_entry_sparse_star, serial_shops, shop, nrook_uturn,
          chequers_serial_rivers_large_b
D:6:      layout_gridville, kennysheep_little_box, serial_shops,
          nicolae_shop_crystal, ebering_ghost_sewer_d, uniq_maggie,
          uniq_eustachio, uniq_grinder
D:7:      layout_gridville, old_standard_altar
D:8:      layout_rooms, nicolae_overflow_hidden_temple, serial_shops,
          nicolae_shop_stone, nicolae_shop_behind_doors, kennysheep_mini_moat,
          shop, shop, okawaru_gym_becter
D:9:      layout_basic, corner_web_ring
D:10:     layout_cave_pools, dpeg_lair_monsters, david_orc_5, serial_shops,
          shop_fountains, grunt_ministairs_15
D:11:     layout_irregular_city, minivault_8, uniq_sonja
D:12:     layout_rooms, nrook_mini_vaults, kennysheep_cluttered_room, uniq_kirke
D:13:     layout_loops_cross, david_vaults_4, basic_altar,
          brannock_xom_greatest_gift
D:14:     layout_small_grid, kennysheep_generic_room_3, uniq_louise
D:15:     hangedman_depths_entry_civil_slaughter, layout_irregular_city,
          lemuel_tele_altar, minmay_liquid_box, uniq_azrael
Temple:   minmay_temple_forest_path
Lair:1:   layout_gridlike, nicolae_lair_grove_arrangements
Lair:2:   layout_loops_ring, elwin_shoals_entry_stream, pond,
          serial_bayou_shore_b, grunt_megastairs_2
Lair:3:   layout_chaotic_city, minivault_29, lemuel_fruit_tree
Lair:4:   layout_concentric_octagons, spider_nest_entry_webs
Lair:5:   layout_hall_layers
Lair:6:   minmay_lair_end_enchanted_forest, layout_cave_pods, slime_dummy,
          gammafunk_ghost_necromancy
Shoals:1: layout_shoals
Shoals:2: layout_shoals, serial_shops, nicolae_shop_trees,
          nicolae_shoals_water_elemental_grotto, uniq_ilsuiw
Shoals:3: cheibrodos_shoals_baths, layout_shoals,
          nicolae_shoals_dead_sea_scrolls, uniq_mara
Orc:1:    layout_caves, ebering_ghost_reflecting_pool, serial_shops,
          nicolae_shop_behind_doors, mines2_david
Orc:2:    grunt_orc_cross, layout_caves, mines4_lemuel

Skill      XL: |  1  2  3  4  5  6  7  8  9 10 11 12 13 14 15 16 |
---------------+-------------------------------------------------+-----
Invocations    | 1 2 3 4 5 6 7 8 9 10 11 | 11.7
Evocations     | 1 2 3 4 5 6 7 8 9 10 11 | 11.5
Short Blades   | 3 4 5 6 7 9 10 11 12 14 15 | 15.6
Slings         | 1 2 3 4 5 6 8 9 10 11 12 14 | 14.8
Fighting       | 3 4 6 7 8 9 10 11 | 11.6
Armour         | 4 5 6 7 8 9 10 11 | 11.6
Shields        | 4 5 6 7 8 9 10 11 | 11.5

Action                   |  1- 3 |  4- 6 |  7- 9 | 10-12 | 13-15 | 16-18 || total
-------------------------+-------+-------+-------+-------+-------+-------++-------
Melee: Rapier            |    78 |   246 |   515 |  1099 |  1372 |   538 ||  3848
 Fire: Hunting sling     |       |     4 |       |       |   273 |    64 ||   341
       Fustibalus        |       |       |       |       |       |   204 ||   204
Throw: Stone             |     1 |       |       |     1 |       |       ||     2
Invok: Heroism           |       |       |       |     4 |     2 |     3 ||     9
       Finesse           |       |       |       |       |       |     1 ||     1
Evoke: Wand              |       |       |     1 |    18 |    10 |    17 ||    46
  Use: Scroll            |     5 |     4 |     7 |     7 |    12 |    11 ||    46
       Potion            |       |     2 |     5 |     1 |     4 |     7 ||    19
 Stab: Distracted        |       |       |       |       |     1 |       ||     1
       Confused          |       |       |       |       |     1 |       ||     1
Armor: Scale mail        |    42 |    88 |    60 |       |       |       ||   190
       Chain mail        |       |       |    67 |     9 |   421 |   283 ||   780
       Plate armour      |       |       |    27 |   466 |       |       ||   493
Dodge: Dodged            |    27 |    76 |   171 |   333 |   292 |   187 ||  1086
Block: Kite shield       |    38 |   123 |    81 |       |       |       ||   242
       Buckler           |       |       |    65 |   295 |   566 |   444 ||  1370
       Reflection        |       |       |       |       |    40 |    62 ||   102
